 Dungeon Crawl Stone Soup version 0.28-a0-1236-gb25a51b929 (webtiles) character file.

Game seed: 7969383361632811022

66 browni3141 the Chopper (level 4, -6/36 HPs)
             Began as a Ghoul Gladiator on Dec 25, 2021.
             Mangled by Sigmund (11 damage)
             ... on level 3 of the Dungeon.
             The game lasted 00:01:51 (2249 turns).

browni3141 the Chopper (Ghoul Gladiator)            Turns: 2249, Time: 00:01:51

Health: -6/36      AC:  4    Str: 19    XL:     4   Next: 15%
Magic:  3/3        EV: 12    Int:  9    God:
Gold:   87         SH:  0    Dex: 10    Spells: 3/3 levels left

rFire   . . .      SeeInvis .   a - +0 war axe
rCold   + . .      Faith    .   (no shield)
rNeg    + + +      Spirit   .   b - +0 leather armour
rPois   ∞          Reflect  .   c - +0 helmet
rElec   .          Harm     .   (no cloak)
rCorr   .          Rampage  .   (no gloves)
Will    .....                   (no boots)
Stlth   +.........              (no amulet)
HPRegen 0.00/turn               e - +6 ring of intelligence
MPRegen 0.08/turn               (no ring)

@: inhibited regen
A: claws 1, cold resistance 1, negative energy resistance 3, inhibited
regeneration, torment resistance 2
a: no special abilities


You were on level 3 of the Dungeon.
You visited 1 branch of the dungeon, and saw 3 of its levels.

You collected 87 gold pieces.

Inventory:

Hand Weapons
 a - a +0 war axe (weapon)
Armour
 b - a +0 leather armour (worn)
 c - a +0 helmet (worn)
Jewellery
 e - a +6 ring of intelligence (left claw)
Potions
 f - a potion of lignification {unknown}
 g - a potion of flight {unknown}


   Skills:
 - Level 2.1 Fighting
 + Level 4.4 Axes
 - Level 1.7 Throwing
 - Level 2.6 Dodging


You had 3 spell levels left.
You didn't know any spells.
Your spell library was empty.

Dungeon Overview and Level Annotations

Branches:
Dungeon (3/15)

Altars:
Elyvilon

Shops:
D:2 !

Annotations:
D:3 Sigmund


Innate Abilities, Weirdness & Mutations

You thrive by killing the living.
You are immune to poison.
You have sharp fingernails.
Your flesh is cold resistant. (rC+)
You are immune to negative energy. (rN+++)
You do not regenerate when monsters are visible.
You are immune to unholy pain and torment.


Message History

You hit Sigmund but do no damage.
Sigmund is severely wounded.
Sigmund closely misses you.
You barely miss Sigmund.
Sigmund is severely wounded.
Sigmund points at you and mumbles some strange words.
The puff of flame hits you.
You hit Sigmund but do no damage.
Sigmund is severely wounded.
Sigmund casts a spell at you.
You are confused.
You hit Sigmund but do no damage.
Sigmund is severely wounded.
Sigmund misses you. Sigmund closely misses you.
You bump into the rock wall.
Sigmund barely misses you.
You barely miss Sigmund.
Sigmund is severely wounded.
You feel less confused. Sigmund barely misses you.
You barely miss Sigmund.
Sigmund is severely wounded.
Sigmund hits you with a +0 scythe!
You barely miss Sigmund.
Sigmund is severely wounded.
Sigmund hits you with a +0 scythe.
You hit Sigmund.
Sigmund is severely wounded.
Sigmund hits you with a +0 scythe!
* * * LOW HITPOINT WARNING * * *
You closely miss Sigmund.
Sigmund is severely wounded.
You barely miss Sigmund.
Sigmund is severely wounded.
Sigmund hits you with a +0 scythe.
* * * LOW HITPOINT WARNING * * *
You hit Sigmund but do no damage.
Sigmund is severely wounded.
Sigmund hits you with a +0 scythe!
You die...

#.###...##.....#
#.##.........###
#.##.#..######
#.##.#..# #.......#
#### ####.#.##
##....
###..#.##.#.... .
#...###@.....###..
#.##.#.@#.#..#....
#.###..........# #
#.# #.#.###..###..#
#.....#...........#
##########.<.....#
#...##### #..)#
#..... #....##


You could see Sigmund.

Vanquished Creatures
  2 adders (D:2)
  A dart slug (D:2)
  5 bats
  An endoplasm (D:1)
  2 giant cockroaches
  5 hobgoblins
  4 jackals (D:1)
  A quokka (D:1)
  3 ball pythons
  3 frilled lizards
  5 goblins
  6 kobolds
  4 rats
42 creatures vanquished.

Notes
Turn   | Place    | Note
-------+----------+-------------------------------------------
     0 | D:1      | browni3141 the Ghoul Gladiator began the quest for the Orb.
     0 | D:1      | Reached XP level 1. HP: 17/17 MP: 0/0
   207 | D:1      | Reached skill level 3 in Axes
   411 | D:1      | Reached XP level 2. HP: 24/24 MP: 1/1
   637 | D:1      | Reached XP level 3. HP: 27/29 MP: 2/2
   828 | D:1      | Found a faded altar of an unknown god.
   968 | D:2      | Reached skill level 4 in Axes
  1008 | D:2      | Found Nalleh's Distillery.
  1856 | D:2      | Reached XP level 4. HP: 28/36 MP: 3/3
  2195 | D:3      | Noticed Sigmund
  2249 | D:3      | Mangled by Sigmund

Illustrated notes

Levels and vault maps discovered:
D:1:      minmay_arrival_stair_chambers, layout_basic,
          chequers_ecumenical_altar_twisty
D:2:      layout_basic, basic_altar, serial_shops, shop, moated_statue,
          item_on_display_a
D:3:      layout_loops_cross, uniq_sigmund

Skill      XL: |  1  2  3 |
---------------+----------+-----
Axes           | 3 4 |  4.4
Fighting       | |  2.1
Throwing       | |  1.7
Dodging        | |  2.6

Action                   |  1- 3 |  4- 6 || total
-------------------------+-------+-------++-------
Melee: War axe           |   100 |    22 ||   122
Throw: Throwing net      |     1 |     3 ||     4
 Stab: Held in net/web   |     1 |     2 ||     3
Armor: Leather armour    |    48 |     1 ||    49
Dodge: Dodged            |    90 |     7 ||    97

Table legend: (Time is in decaauts)
 A = Elapsed time spent in this place.
 B = Non-inter-level travel time spent in this place.
 C = Inter-level travel time spent in this place.
 D = Time resting spent in this place.
 E = Time spent auto-exploring this place.
 F = Levels seen in this place.
 G = Mean time per level.
                   A        B        C        D        E       F      G
               +--------+--------+--------+--------+--------+-----+--------+
         Total |   2285 |   2219 |     66 |      5 |   1893 |   3 |  761.7 |
       Dungeon |   2285 |   2219 |     66 |      5 |   1893 |   3 |  761.7 |
               +--------+--------+--------+--------+--------+-----+--------+

Top non-repeatable levels by time:
     D:2: 1173 daAuts
     D:1: 986 daAuts
     D:3: 125 daAuts
